 Dungeon Crawl Stone Soup version 0.28-a0-998-gb9e9c7b67e (webtiles) character file.

Game seed: 3471435400726143407

71 ytrimaz the Insei (level 4, -3/29 HPs)
             Began as an Octopode Transmuter on Dec 5, 2021.
             Slain by Sigmund (11 damage)
             ... on level 2 of the Dungeon.
             The game lasted 00:01:57 (2410 turns).

ytrimaz the Insei (Octopode Transmuter)             Turns: 2410, Time: 00:01:58

Health: -3/29      AC:  2    Str:  6 (9)  XL:     4   Next: 24%
Magic:  4/7        EV: 19    Int: 14 (17) God:
Gold:   74         SH:  0    Dex: 17      Spells: 4/8 levels left

rFire   . . .      SeeInvis .     - Unarmed
rCold   . . .      Faith    .   (shield currently unavailable)
rNeg    . . .      Spirit   .   (helmet currently unavailable)
rPois   x          Reflect  .   (no amulet)
rElec   .          Harm     .   (no ring)
rCorr   .          Rampage  .   (no ring)
Will    .....                   (no ring)
Stlth   ++........              (no ring)
HPRegen 0.09/turn               (no ring)
MPRegen 0.10/turn               (no ring)
                                (no ring)
                                (no ring)

@: lethally poisoned (-3 -> -11), spider-form (expiring)
A: venomous fangs, almost no armour, (amphibious), 8 rings, tiny, (camouflage
1), (gelatinous body 1), (nimble swimmer 1), (tentacles)
a: End Transformation


You were on level 2 of the Dungeon.
You were a venomous arachnid creature.
You visited 1 branch of the dungeon, and saw 2 of its levels.

You collected 74 gold pieces.

Inventory:

Scrolls
 a - a scroll of identify
Potions
 b - a potion of might {unknown}


   Skills:
 * Level 1.9 Fighting
 - Level 2.0 Dodging
 + Level 3.8 Unarmed Combat
 + Level 2.5 Spellcasting
 + Level 2.6 Transmutations


You had 4 spell levels left.
You knew the following spells:

 Your Spells              Type           Power      Damage    Failure   Level
a - Beastly Appendage     Tmut           18%        N/A       21%         1
b - Spider Form           Tmut/Pois      5%         N/A       58%         3

Your spell library contained the following spells:

 Spells                   Type           Power      Damage    Failure   Level
 Wereblood                Tmut           9%         N/A       28%         2
 Ice Form                 Ice/Tmut       5%         N/A       91%         4


Dungeon Overview and Level Annotations

Branches:
Dungeon (2/15)

Altars:

Annotations:
D:2 Natasha, Sigmund


Innate Abilities, Weirdness & Mutations

You are a venomous arachnid creature.
You have poisonous fangs.
You are tiny and dextrous.
Your spellcasting is less reliable in this form.
Your armour is entirely melded.
You are incapable of wielding weapons or throwing items.
You cannot wear most types of armour.
((You are amphibious.))
You can wear up to eight rings at the same time.
((Your skin changes colour to match your surroundings (Stealth+).))
((Your rubbery body absorbs attacks. (AC +1, EV +1)))
((You are camouflaged near water. (Stealth+)))
((You have tentacles for arms and can constrict up to eight enemies at once.))


Message History

Found a stone staircase leading down.
Found a metallic golden potion.
The helpless rat fails to defend itself.
You tentacle-slap the rat. You grab the rat.
The rat is heavily wounded.
You constrict the rat, but do no damage.
The rat barely misses you.
You release your grip on the rat.
The rat bites you. The rat bites you.
You tentacle-slap the rat.
You kill the rat!
You see here a rat corpse.
b - a metallic golden potion HP restored.
Sigmund is nearby!
Casting: Beastly Appendage (safe; 8% risk of failure)
Confirm with . or Enter, or press ? or * to list all spells.
The spell is extremely dangerous to miscast (36% risk of failure)!
Continue anyway?
You turn into a venomous arachnid creature.
Sigmund shouts!
Sigmund gestures wildly while chanting.
Sigmund flickers and vanishes!
Deactivating autopickup; reactivate with Ctrl-A.
Unknown command.
Something hits you!
You are lethally poisoned!
You closely miss something.
You feel very sick.
You barely miss something.
You feel very sick. Something closely misses you.
You hit something.
You feel sick.
Unknown command.
You barely miss something.
Your transformation is almost over.
* * * LOW HITPOINT WARNING * * *
You feel very sick. Something hits you!
You die...

..........# ##.......#.##..#....
..........# #.............##....
........#.## #...#.........##....
#......##..###.............##....
######.###(.#....#...............
#.#.........#..........#....
###.#.####..#............#...P
##...#.###.....÷.........#.....
##..##.......##s#.#####...#.#...
##..##......###[{#.# ##<...##..
...†.....#####.....# ###..#...
.......#######.#.### #..#..P
....#### ##.......## #####..#..≈
#.### ##.........## #........P≈
.. #...........# #.........( ..
#...........# #........P. ..
#..........$# #########..


There were no monsters in sight!

Vanquished Creatures
  Natasha (D:2)
  A worm (D:2)
  2 dart slugs
  2 ball pythons
  5 endoplasms
  A giant cockroach (D:1)
  3 goblins (D:1)
  4 hobgoblins
  2 quokkas
  5 frilled lizards
  6 kobolds (D:1)
  6 rats
38 creatures vanquished.

Vanquished Creatures (others)
  2 plants (D:2)
2 creatures vanquished.

Grand Total: 40 creatures vanquished

Notes
Turn   | Place    | Note
-------+----------+-------------------------------------------
     0 | D:1      | ytrimaz the Octopode Transmuter began the quest for the
                  | Orb.
     0 | D:1      | Reached XP level 1. HP: 13/13 MP: 3/3
   412 | D:1      | Reached XP level 2. HP: 18/18 MP: 3/5
  1033 | D:1      | Reached XP level 3. HP: 16/23 MP: 4/6
  1800 | D:2      | Noticed Sigmund
  1917 | D:2      | Learned a level 3 spell: Spider Form
  1951 | D:2      | Noticed Natasha
  1959 | D:2      | Killed Natasha
  1960 | D:2      | Reached XP level 4. HP: 3/29 MP: 5/7
  1995 | D:2      | Noticed Natasha
  2410 | D:2      | Slain by Sigmund

Illustrated notes

Levels and vault maps discovered:
D:1:      roderic_dead_forest, layout_basic, serial_forest,
          infiniplex_forest_lined_corner, infiniplex_forest_lined_3_way,
          infiniplex_forest_clump_small, infiniplex_forest_lined_room_3,
          infiniplex_forest_lined_3
D:2:      layout_rooms, guppyfry_early_lair_pool, uniq_natasha, uniq_sigmund

Action                   |  1- 3 |  4- 6 || total
-------------------------+-------+-------++-------
Melee: Unarmed           |    89 |    13 ||   102
       Kick              |    17 |       ||    17
       Constrict         |    20 |     2 ||    22
       Tentacles         |    13 |     2 ||    15
       Punch             |     1 |       ||     1
 Cast: Beastly Appendage |    20 |       ||    20
       Spider Form       |       |     1 ||     1
  Use: Scroll            |     1 |       ||     1
       Potion            |     1 |       ||     1
 Stab: Sleeping          |     2 |     1 ||     3
Armor: Skin              |     5 |       ||     5
Dodge: Dodged            |    60 |     9 ||    69

Table legend: (Time is in decaauts)
 A = Elapsed time spent in this place.
 B = Non-inter-level travel time spent in this place.
 C = Inter-level travel time spent in this place.
 D = Time resting spent in this place.
 E = Time spent auto-exploring this place.
 F = Levels seen in this place.
 G = Mean time per level.
                   A        B        C        D        E       F      G
               +--------+--------+--------+--------+--------+-----+--------+
         Total |   2404 |   2302 |    102 |    349 |   1601 |   2 | 1202.0 |
       Dungeon |   2404 |   2302 |    102 |    349 |   1601 |   2 | 1202.0 |
               +--------+--------+--------+--------+--------+-----+--------+

Top non-repeatable levels by time:
     D:1: 1948 daAuts
     D:2: 456 daAuts
